 Dungeon Crawl Stone Soup version 0.28.0-53-g5a82cb258f (webtiles) character file.

Game seed: 14061038035500219358

91 mcbry74 the Chopper (level 4, -8/40 HPs)
             Began as a Hill Orc Fighter on July 21, 2022.
             Was a Believer of Lugonu.
             Killed by divine providence
             ... invoked by an orc priest
              (13 damage)
             ... on level 3 of the Dungeon.
             The game lasted 00:06:39 (3148 turns).

mcbry74 the Chopper (Hill Orc Fighter)              Turns: 3148, Time: 00:06:40

Health: -8/40      AC:  7    Str: 20    XL:     4   Next: 57%
Magic:  4/4        EV:  9    Int:  8    God:    Lugonu [**....]
Gold:   171        SH:  4    Dex: 10    Spells: 3/3 levels left

rFire   + . .      SeeInvis .   a - +0 war axe
rCold   . . .      Faith    .   c - +0 buckler
rNeg    . . .      Spirit   .   b - +0 scale mail
rPois   .          Reflect  .   (no helmet)
rElec   .          Harm     .   (no cloak)
rCorr   .          Rampage  .   (no gloves)
Will    .....                   (no boots)
Stlth   ..........              (no amulet)
HPRegen 0.13/turn               l - ring of flight
MPRegen 0.09/turn               q - ring of protection from fire

@: flying
A: no striking features
a: Renounce Religion, Convert to Beogh, Depart the Abyss, Bend Space


You were on level 3 of the Dungeon.
You worshipped Lugonu.
Lugonu was pleased with you.
You visited 1 branch of the dungeon, and saw 3 of its levels.

You collected 171 gold pieces.

Inventory:

Hand Weapons
 a - a +0 war axe (weapon)
Missiles
 f - 56 bolts
 k - a throwing net (quivered)
Armour
 b - a +0 scale mail (worn)
 c - a +0 buckler (worn)
Magical Staves
 o - a staff of earth
Jewellery
 l - a ring of flight (left hand)
 q - a ring of protection from fire (right hand)
Scrolls
 e - a scroll of identify {unknown}
 g - a scroll of silence {unknown}
 i - a scroll of enchant armour {unknown}
 m - a scroll of immolation {unknown}
 r - a scroll of teleportation {unknown}
Potions
 d - a potion of might
 h - a potion of mutation {unknown}
 j - a potion of heal wounds {unknown}
 n - 2 potions of degeneration {unknown}
 p - a potion of lignification {unknown}


   Skills:
 - Level 4.1 Fighting
 * Level 4.4 Axes
 + Level 4.0 Armour
 + Level 3.8 Shields


You had 3 spell levels left.
You didn't know any spells.
Your spell library contained the following spells:

 Spells                   Type           Power      Damage    Failure   Level
 Stone Arrow              Conj/Erth      0%         3d7       99%         3
 Animate Armour           Summ/Erth      0%         N/A       100%        4
 Lehudib's Crystal Spear  Conj/Erth      0%         10d2      100%        8


Dungeon Overview and Level Annotations

Branches:
Dungeon (3/15)

Altars:
Lugonu


Message History

Lugonu accepts your kill. The quokka bites you.
Your Armour skill increases to level 4!
You hit the quokka but do no damage. The quokka bites you.
The quokka closely misses you.
You slash the quokka!
You kill the quokka!
Lugonu accepts your kill.
You closely miss the orc priest.
The orc priest shouts, "Surrender to Beogh and we'll let you live!"
The orc priest closely misses you.
You hit the orc priest.
The orc priest is moderately wounded.
The orc priest invokes the aid of Beogh against you.
Pain shoots through your body!
The orc priest calls down the wrath of Beogh upon you.
Beogh smites you!
You barely miss the orc priest.
The orc priest is moderately wounded.
The orc priest mumbles some strange prayers to Beogh against you.
Beogh smites you!
* * * LOW HITPOINT WARNING * * *
Space bends around you!
You blink.
You reach down and open the door.
There is an open door here.
You reach down and close the door.
An orc priest opens the door.
The orc priest mumbles some strange prayers to Beogh against you.
You barely resist.
There is an open door here.
You reach down and close the door.
Something unseen opens the door.
The orc priest calls down the wrath of Beogh upon you.
You barely resist.
An endoplasm comes into view.
The endoplasm quivers.
The endoplasm hits you but does no damage.
The orc priest calls down the wrath of Beogh upon you.
Beogh smites you!
You die...

#..................##########.
#########..........###########
#..........#.......# #
#.###.######.......# # ### #.#
#.......# . #.# ###.......# #
#.# #.'.†.....# ########.#
#.#.......### ........@#
#.#.......... ........J#
#.####o###.## .........# #.#
#.# #... .........# #o# #o#
#... ########.# #.# #.# #...
#.# #.# #.###... #o# #.#
#....o†. #.####.# #####.#'
#......# #....#o


You could see an orc priest and an endoplasm.

Vanquished Creatures
  2 adders
  A worm (D:3)
  5 orcs (D:3)
  8 endoplasms
  A giant cockroach (D:1)
  A goblin (D:2)
  4 hobgoblins
  4 jackals (D:1)
  9 kobolds
  3 quokkas
  6 ball pythons
  11 bats
  2 frilled lizards
  2 rats (D:1)
59 creatures vanquished.

Notes
Turn   | Place    | Note
-------+----------+-------------------------------------------
     0 | D:1      | mcbry74 the Hill Orc Fighter began the quest for the Orb.
     0 | D:1      | Reached XP level 1. HP: 19/19 MP: 1/1
     8 | D:1      | You fall into a shaft and drop 1 floor!
   192 | D:1      | Reached XP level 2. HP: 27/27 MP: 2/2
   347 | D:1      | Found a faded altar of an unknown god.
   833 | D:1      | Reached XP level 3. HP: 26/33 MP: 3/3
  1657 | D:1      | Prayed at the altar of an unknown god.
  1657 | D:1      | Became a worshipper of Lugonu the Unformed
  1657 | D:1      | Reached * piety under Lugonu
  1657 | D:1      | Reached ** piety under Lugonu
  2119 | D:2      | Reached XP level 4. HP: 35/38 MP: 4/4
  3148 | D:3      | Killed from afar by an orc priest

Illustrated notes

Levels and vault maps discovered:
D:1:      evilmike_arrival_rings, layout_basic, nicolae_ecumenical_lake_church,
          minmay_heptomino_d4
D:2:      layout_basic
D:3:      layout_basic, kennysheep_nondescript

Skill      XL: |  1  2  3  4 |
---------------+-------------+-----
Axes           | 3 4 |  4.4
Fighting       | 4 |  4.1
Armour         | 4 |  4.0
Shields        | |  3.8

Action                   |  1- 3 |  4- 6 || total
-------------------------+-------+-------++-------
Melee: War axe           |   134 |    57 ||   191
Invok: Bend Space        |       |     1 ||     1
Armor: Scale mail        |   108 |    25 ||   133
Dodge: Dodged            |   100 |    24 ||   124
Block: Buckler           |    46 |    12 ||    58
